 Dungeon Crawl Stone Soup version 0.29.1-13-g9f3cf754e1 (webtiles) character file.

Game seed: 16804844759158504821

116 RapScallion the Trooper (level 5, -6/47 HPs)
             Began as a Hill Orc Fighter on Jan 20, 2023.
             Killed by divine providence
             ... invoked by an orc priest
              (8 damage)
             ... on level 3 of the Dungeon.
             The game lasted 00:09:20 (2207 turns).

RapScallion the Trooper (Hill Orc Fighter)          Turns: 2207, Time: 00:09:20

Health: -6/47      AC:  7    Str: 21    XL:     5   Next: 0%
Magic:  5/5        EV:  9    Int:  8    God:
Gold:   95         SH:  4    Dex: 10    Spells: 4/4 levels left

rFire   . . .      SeeInvis .   a - +0 war axe
rCold   . . .      Faith    .   c - +0 buckler
rNeg    . . .      Spirit   .   b - +0 scale mail
rPois   .          Reflect  .   (no helmet)
rElec   .          Harm     .   (no cloak)
rCorr   .          Rampage  .   (no gloves)
Will    .....                   (no boots)
Stlth   ..........              l - amulet of the acrobat
HPRegen 0.15/turn               (no ring)
MPRegen 0.09/turn               (no ring)

@: mighty
A: no striking features
a: Convert to Beogh


You were on level 3 of the Dungeon.
You visited 1 branch of the dungeon, and saw 3 of its levels.

You collected 95 gold pieces.

Inventory:

Hand Weapons
 a - a +0 war axe (weapon)
Armour
 b - a +0 scale mail (worn)
 c - a +0 buckler (worn)
Jewellery
 l - an amulet of the acrobat (around neck)
Scrolls
 f - a scroll of immolation {unknown}
 g - a scroll of blinking {unknown}
 h - a scroll of teleportation {unknown}
 k - 3 scrolls of magic mapping {unknown}
 n - a scroll of identify
Potions
 e - a potion of invisibility
 i - a potion of curing
 j - a potion of resistance
 m - 2 potions of attraction {unknown}


   Skills:
 + Level 4.5 Fighting
 + Level 4.4 Axes
 + Level 4.0 Armour
 + Level 3.8 Shields


You had 4 spell levels left.
You didn't know any spells.
Your spell library contained the following spells:

 Spells                   Type           Power      Damage    Failure   Level
 Ensorcelled Hibernation  Hex/Ice        0%         N/A       92%         2
 Passwall                 Tmut/Erth      0%         N/A       92%         2
 Poisonous Vapours        Pois/Air       0%         N/A       92%         2
 Searing Ray              Conj           0%         2d4       92%         2
 Swiftness                Air            0%         N/A       99%         3
 Corpse Rot               Necr/Pois/Air  0%         N/A       100%        4
 Freezing Cloud           Conj/Ice/Air   0%         6-21      100%        5


Dungeon Overview and Level Annotations

Branches:
Dungeon (3/15)

Altars:
Ru
Trog
Uskayaw
Wu Jian
Xom
Yredelemnul


Message History

An orc wizard and an orc priest come into view.
The orc wizard shouts!
The orc priest shouts, "Surrender to Beogh and we'll let you live!" (press Y on the ability menu to convert to Beogh)
The orc priest shouts!
The orc closely misses you.
The orc wizard gestures at you while chanting.
The puff of flame hits you.
The orc priest calls down the wrath of Beogh upon you.
Beogh smites you!
You barely miss the orc. You slash the orc!
You kill the orc!
You feel very mighty all of a sudden.
The orc wizard mumbles some strange words.
The orc wizard flickers and vanishes!
Deactivating autopickup; reactivate with Ctrl-A.
You slash the orc!
You kill the orc!
The orc wizard points at you and mumbles some strange words.
The magic dart hits something.
Something hits you.
The orc priest calls down the wrath of Beogh upon you.
Beogh smites you!
* * * LOW HITPOINT WARNING * * *
You slash something! Something hits you but does no damage.
You miss something. Something hits you but does no damage.
The orc priest mumbles some strange prayers to Beogh against you.
Beogh smites you!
* * * LOW HITPOINT WARNING * * *
You slash something!
Reactivating autopickup.
You feel a bit more experienced.
The orc priest hits you with a +0 dagger.
* * * LOW HITPOINT WARNING * * *
You have reached level 5!
You feel stronger.
You barely miss the orc priest.
The orc priest calls down the wrath of Beogh upon you.
Beogh smites you!
You die...

#....######'# ### ####### #......
#..........'###.###.....###......
#...............##..._...##......
#......†........#..♣...8..#.<....
#......†........#....#....#......
##.....?........#._.###._.#......
#.........###.o#(..##....#......
#.........# ##o#...#..⌠..#...###
####......# #)@...#....##...#
#..?...# #######._.###._.#
#......# #....#....# ########
#..8...♣..# ##..._...## ##.....##
#######


You could see an orc priest and an orc wizard.

Vanquished Creatures
  An orc wizard (D:3)
  2 adders (D:2)
  2 worms (D:2)
  7 dart slugs
  2 orcs (D:3)
  A bat (D:1)
  4 endoplasms
  2 giant cockroaches
  4 goblins
  7 hobgoblins
  2 jackals (D:3)
  7 kobolds
  3 quokkas (D:1)
  3 ball pythons (D:2)
  A frilled lizard (D:2)
  5 rats
53 creatures vanquished.

Notes
Turn   | Place    | Note
-------+----------+-------------------------------------------
     0 | D:1      | RapScallion the Hill Orc Fighter began the quest for the
                  | Orb.
     0 | D:1      | Reached XP level 1. HP: 19/19 MP: 1/1
   134 | D:1      | Reached XP level 2. HP: 24/27 MP: 2/2
   361 | D:1      | Reached XP level 3. HP: 28/33 MP: 3/3
   578 | D:1      | Found a faded altar of an unknown god.
  1514 | D:2      | Reached XP level 4. HP: 34/40 MP: 4/4
  1854 | D:2      | Got the Discourse on the Dynamic Birds
  2066 | D:3      | Found a bloodstained altar of Trog.
  2074 | D:3      | Found a basalt altar of Yredelemnul.
  2080 | D:3      | Found an ornate altar of the Wu Jian Council.
  2083 | D:3      | Found a sacrificial altar of Ru.
  2086 | D:3      | Found a shimmering altar of Xom.
  2090 | D:3      | Found a hide-covered altar of Uskayaw.
  2205 | D:3      | HP: 2/41 [orc priest/divine providence (9)]
  2207 | D:3      | Reached XP level 5. HP: 2/47 MP: 5/5
  2207 | D:3      | Killed from afar by an orc priest

Illustrated notes

Levels and vault maps discovered:
D:1:      dpeg_arrival_rhombus, layout_basic, basic_ecumenical_altar
D:2:      layout_loops_ring, dreamdust_princess_corridor
D:3:      layout_basic, nicolae_overflow_hallway_of_the_gods, dk_vineyard_1,
          chequers_serial_rivers_micro_a

Skill      XL: |  1  2  3  4 |
---------------+-------------+-----
Fighting       | 4 |  4.5
Axes           | 3 4 |  4.4
Armour         | 4 |  4.0
Shields        | |  3.8

Action                   |  1- 3 |  4- 6 || total
-------------------------+-------+-------++-------
Melee: War axe           |    83 |    48 ||   131
  Use: Scroll            |       |     3 ||     3
       Potion            |       |     1 ||     1
Armor: Scale mail        |    54 |    15 ||    69
Dodge: Dodged            |    34 |    14 ||    48
Block: Buckler           |    13 |     8 ||    21
